 Dungeon Crawl Stone Soup version 0.31-a0-232-gb1c03b2570 (webtiles) character file.

Game seed: 6915389737978132203

81 Morbidden the Conjurer (level 4, -7/27 HPs)
             Began as an Octopode Conjurer on July 7, 2023.
             Mangled by Sigmund the killer bee (8 damage)
             ... on level 2 of the Dungeon.
             The game lasted 00:02:40 (1970 turns).

Morbidden the Conjurer (Octopode Conjurer)          Turns: 1970, Time: 00:02:40

Health: -7/27      AC:  1    Str:  6    XL:     4   Next: 42%
Magic:  2/7        EV: 13    Int: 22    God:
Gold:   70         SH:  0    Dex: 10    Spells: 4/7 levels left

rFire   . . .        A - +2 dagger (pain)
rCold   . . .        (no shield)
rNeg    . . .        (helmet restricted)
rPois   .            (no amulet)
rElec   .            b - ring of flight
rCorr   .            (no ring)
SInv    .            (no ring)
Will    +....        (no ring)
Stlth   +++          (no ring)
HPRegen 0.24/turn    (no ring)
MPRegen 0.10/turn    (no ring)
                     (no ring)

%: no passive effects
@: brilliant, lethally poisoned (-7 -> -11), enlightened, flying
A: almost no armour, amphibious, 8 rings, camouflage 1, gelatinous body 1,
(nimble swimmer 1), tentacles
a: no special abilities


You were on level 2 of the Dungeon.
You visited 1 branch of the dungeon, and saw 2 of its levels.

You collected 70 gold pieces.

Inventory:

Hand Weapons
 A - a +2 dagger of pain (weapon)
Missiles
 c - 6 poisoned darts (quivered)
Jewellery
 b - a ring of flight (left tentacle)
Wands
 g - a wand of polymorph (5)
Scrolls
 d - 2 scrolls of enchant weapon {unknown}
 f - a scroll of blinking {unknown}
 h - a scroll of fear {unknown}
 i - a scroll of teleportation {unknown}
 j - a scroll of enchant armour {unknown}
Potions
 a - a potion of magic


   Skills:
 * Level 0.6 Fighting
 * Level 0.9 Short Blades
 * Level 2.4 Dodging
 * Level 2.9 Stealth
 * Level 2.2 Spellcasting
 * Level 4.9 Conjurations
 * Level 0.1 Necromancy
 * Level 1.0 Evocations


You had 4 spell levels left.
You knew the following spells:

 Your Spells              Type           Power      Damage    Failure   Level
a - Magic Dart            Conj           100%       1d8       1%          1
b - Searing Ray           Conj           72%        2d7       2%          2

Your spell library contained the following spells:

 Spells                   Type           Power      Damage    Failure   Level
 Dazzling Flash           Conj/Hex       38%        N/A       14%         3
 Fulminant Prism          Conj/Hex       9%         3d6       43%         4
 Iskenderun's Mystic Bla  Conj/Tloc      19%        2d6       43%         4


Dungeon Overview and Level Annotations

Branches:
Dungeon (2/15)

Altars:

Annotations:
D:2 Sigmund


Innate Abilities, Weirdness & Mutations

You cannot wear most types of armour.
You are amphibious.
You can wear up to eight rings at the same time.
Your skin changes colour to match your surroundings (Stealth+).
Your rubbery body absorbs attacks. (AC +1, EV +1)
((You are camouflaged when in or above water. (Stealth+)))
You have tentacles for arms and can constrict up to eight enemies at once.


Message History

Casting: Searing Ray (safe; 2% risk of failure)
Confirm with . or Enter, or press ? or * to list all spells.
Aiming: Searing Ray (safe; 2% risk of failure)
Press: ? - help, Shift-Dir - straight line, f/p - Sigmund
Aim: Sigmund the killer bee (58% to hit)
The searing ray hits Sigmund.
Sigmund is lightly wounded. (Press . to maintain the ray.) Unknown command.
Unknown command.
Unknown command.
The searing ray misses Sigmund.
Sigmund barely misses you.
Unknown command.
Unknown command.
The searing ray hits Sigmund.
Sigmund is moderately wounded.
Sigmund stings you. Sigmund stings you!
Unknown command.
Unknown command.
Unknown command.
Unknown command.
The searing ray misses Sigmund.
You finish channelling your searing ray.
Sigmund stings you.
* * * LOW HITPOINT WARNING * * *
You are lethally poisoned!
Sigmund poisons you! Sigmund misses you.
Unknown command.
Unknown command.
It was a potion of brilliance.
You feel clever all of a sudden.
* * * LOW HITPOINT WARNING * * *
You feel sick. Sigmund barely misses you. Sigmund stings you.
* * * LOW HITPOINT WARNING * * *
Unknown command.
It was a potion of enlightenment.
You feel more buoyant.
* * * LOW HITPOINT WARNING * * *
You feel sick. Sigmund stings you!
You die...

.########.#####.####.#.# .....#
#.### #.# #.#.##########
####.####.#.# #.# #.#.#.........
.....<..#.#.###.####.#.#.########
####.##.#............#.#.#
#.....#.#.#####.######.#.#
........#..............#.#
#.#####.#.#####.########.#
........#.......@....# #.#
#.........#..##y####.# #.#
#.................# #.#
#.#######.#.......# #.# #.#
#.##.##.####.# #.# #.#
#.)..........# #.#
#.#######..#.##.########.#
#..........#.............#
#.########.####.##########


You could see Sigmund the killer bee.

Vanquished Creatures
  6 adders (D:2)
  A dart slug (D:1)
  4 ball pythons (D:1)
  An endoplasm (D:2)
  2 goblins (D:1)
  6 hobgoblins
  A kobold (D:1)
  2 quokkas
  2 bats (D:2)
  2 rats
27 creatures vanquished.

Notes
Turn   | Place    | Note
-------+----------+-------------------------------------------
     0 | D:1      | Morbidden the Octopode Conjurer began the quest for the
                  | Orb.
     0 | D:1      | Reached XP level 1. HP: 11/11 MP: 3/3
   317 | D:1      | Reached XP level 2. HP: 17/17 MP: 1/5
   334 | D:1      | Learned a level 2 spell: Searing Ray
   786 | D:2      | Noticed Sigmund
   975 | D:2      | Reached XP level 3. HP: 17/22 MP: 1/6
  1403 | D:2      | Reached skill level 1 in Evocations
  1667 | D:2      | Reached XP level 4. HP: 27/27 MP: 7/7
  1964 | D:2      | Sigmund changed into Sigmund the killer bee
  1964 | D:2      | Noticed Sigmund
  1970 | D:2      | HP: 1/27 [poisoned by Sigmund]
  1970 | D:2      | Mangled by Sigmund the killer bee

Illustrated notes

Levels and vault maps discovered:
D:1:      minmay_arrival_semitransparent, layout_basic
D:2:      layout_basic, serial_bayou_pond_b, uniq_sigmund

Skill      XL: |  1  2  3 |
---------------+----------+-----
Evocations     | 1 |  1.0
Fighting       | |  0.6
Short Blades   | |  0.9
Dodging        | |  2.4
Stealth        | |  2.9
Spellcasting   | |  2.2
Conjurations   | |  4.9
Necromancy     | |  0.1

Action                     |  1- 3 |  4- 6 || total
---------------------------+-------+-------++-------
  Melee: Unarmed           |    11 |       ||    11
         Tentacles         |     6 |       ||     6
         Constrict         |     4 |       ||     4
         Dagger            |     9 |     3 ||    12
   Cast: Magic Dart        |    25 |     1 ||    26
         Searing Ray       |     4 |     4 ||     8
  Evoke: Wand              |       |     1 ||     1
    Use: Potion            |       |     2 ||     2
   Stab: Sleeping          |     4 |     2 ||     6
 Armour: Skin              |     1 |     2 ||     3
  Dodge: Dodged            |    12 |     4 ||    16

Table legend: (Time is in decaauts)
 A = Elapsed time spent in this place.
 B = Non-inter-level travel time spent in this place.
 C = Inter-level travel time spent in this place.
 D = Time resting spent in this place.
 E = Time spent auto-exploring this place.
 F = Levels seen in this place.
 G = Mean time per level.
                   A        B        C        D        E       F      G
               +--------+--------+--------+--------+--------+-----+--------+
         Total |   1969 |   1928 |     41 |    373 |   1287 |   2 |  984.5 |
       Dungeon |   1969 |   1928 |     41 |    373 |   1287 |   2 |  984.5 |
               +--------+--------+--------+--------+--------+-----+--------+

Top non-repeatable levels by time:
     D:2: 1029 daAuts
     D:1: 940 daAuts
